 Dungeon Crawl Stone Soup version 0.19-a0-1456-gc747e27 (webtiles) character file.

1098 Gorfmaster the Basher (level 8, -5/46 HPs)
             Began as a Gargoyle Berserker on Sept 5, 2016.
             Was a Priest of Trog.
             Slain by an ogre
             ... wielding a +0 giant club
              (9 damage)
             ... on level 6 of the Dungeon.
             The game lasted 00:37:49 (5278 turns).

Gorfmaster the Basher (Gargoyle Berserker)          Turns: 5278, Time: 00:37:50

Health: -5/46      AC: 19    Str: 23    XL:     8   Next: 32%
Magic:  8/8        EV:  4    Int:  8    God:    Trog [***...]
Gold:   338        SH:  8    Dex:  9    Spells: 0 memorised, 7 levels left

rFire  . . .     SeeInvis .     n - +0 flail
rCold  . . .     Gourm    .     r - +0 plate armour
rNeg   + . .     Faith    .     i - +1 shield
rPois  ∞         Spirit   .     o - +1 helmet
rElec  +         Dismiss  .     h - +0 cloak
rCorr  .         Reflect  .     (no gloves)
MR     .....     Harm     .     (no boots)
Stlth  ..........               m - amulet of inaccuracy (curse)
                                (no ring)
                                (no ring)

@: no status effects
A: negative energy resistance 1, electricity resistance, unbreathing,
petrification resistance, rot immunity, AC +5
a: Berserk, Trog's Hand, Burn Spellbooks, Renounce Religion


You were on level 6 of the Dungeon.
You worshipped Trog.
Trog was most pleased with you.
You were not hungry.

You visited 1 branch of the dungeon, and saw 6 of its levels.

You collected 338 gold pieces.

Inventory:

Hand Weapons
 a - a +0 mace
 n - a +0 flail (weapon)
Armour
 h - a +0 cloak (worn)
 i - a +1 shield (worn)
 o - a +1 helmet (worn)
 r - a +0 plate armour (worn)
Jewellery
 j - an uncursed amulet of harm {unknown}
 m - a cursed amulet of inaccuracy (around neck)
Wands
 s - a wand of lightning (8/15)
Scrolls
 e - 2 scrolls of recharging
 l - a scroll of enchant armour
 u - a scroll of teleportation
Potions
 b - 5 potions of brilliance
 d - a potion of cure mutation
 f - 2 potions of degeneration
 k - 2 potions of magic
 t - a potion of curing {unknown}
Books
 g - a book of Burglary

   Spells                             Type                      Level
   a - Swiftness                      Charms/Air                   2
   b - Passwall                       Transmutation/Earth          2
   c - Passage of Golubria            Translocation                4
   d - Lee's Rapid Deconstruction     Earth                        5
   e - Darkness                       Hexes                        6
   f - Invisibility                   Hexes                        6
   Trog disapproves of the use of such an item.
Comestibles
 c - 4 bread rations
 p - a slice of pizza
 q - a meat ration
 v - a fruit
 w - a chunk of flesh


   Skills:
 - Level 3.2 Fighting
 + Level 10.0 Maces & Flails
 - Level 2.1 Armour
 - Level 1.5 Dodging


You had 7 spell levels left.
You didn't know any spells.

Dungeon Overview and Level Annotations

Branches:
Dungeon (6/15)
 Temple: D:4-7

Altars:
Ashenzari
Fedhas
Kikubaaqudgha
Qazlal
Yredelemnul


Innate Abilities, Weirdness & Mutations

You are resistant to torment.
Your stone body is resilient. (AC +5)
You are immune to poison.
You resist negative energy. (rN+)
You are resistant to electric shocks. (rElec)
You can survive without breathing.
You are immune to petrification.
You are immune to rotting.


Message History

The ogre is heavily wounded.
The ogre hits you with a giant club!
You hit the ogre.
The ogre is heavily wounded.
You hit the ogre.
The ogre is severely wounded.
The ogre hits you with a giant club!
You hit the ogre.
The ogre is severely wounded.
The ogre hits you with a giant club!!
* * * LOW HITPOINT WARNING * * *
You are too injured to fight recklessly!
You are too injured to fight recklessly!
Your shield and plate armour prevent you from hitting the ogre.
The ogre is severely wounded.
You block the ogre's attack.
Your shield and plate armour prevent you from hitting the ogre.
The ogre is severely wounded.
The ogre hits you with a giant club!
You die...

.... #..# #..# #
###..####.#
#........ .
#.#..#.# .#
#..O..# #.#.
#..@.###.>..
#.....#.#.#
#######..........
.............##.##
#######...<.......
#...........
####.......#
#...##.#.
#.#......


You could see an ogre.

Vanquished Creatures
  Sigmund (D:4)
  The ghost of whatthexom the Slasher, an amateur FoAK of Lugonu (D:3)
  A phantom (D:5)
  5 howler monkeys
  A crimson imp (D:4)
  An orc priest (D:3)
  A hound (D:5)
  2 centaur skeletons
  Jessica (D:2)
  Ijyb (D:2)
  Natasha (thrice) (D:2)
  2 iguanas
  4 worker ants
  3 adders
  2 oozes (D:3)
  An adder zombie (D:5)
  2 worms (D:2)
  2 dart slugs
  A giant gecko (D:3)
  14 orcs
  9 goblins
  9 hobgoblins
  4 jackals (D:4)
  4 quokkas
  2 ball pythons (D:1)
  8 bats
  6 giant newts
  A jackal skeleton (D:4)
  6 kobolds
  2 rats
100 creatures vanquished.

Notes
Turn   | Place    | Note
-------+----------+-------------------------------------------
     0 | D:1      | Gorfmaster the Gargoyle Berserker began the quest for the Orb.
     0 | D:1      | Reached XP level 1. HP: 14/14 MP: 1/1
   178 | D:1      | Reached XP level 2. HP: 19/19 MP: 2/2
   799 | D:2      | Reached skill level 4 in Maces & Flails
   823 | D:2      | Noticed Natasha
   836 | D:2      | Noticed a crimson imp
   837 | D:2      | Killed Natasha
   837 | D:2      | Reached XP level 3. HP: 16/23 MP: 3/3
   945 | D:2      | Noticed Natasha
   956 | D:2      | Killed Natasha
   956 | D:2      | Reached skill level 5 in Maces & Flails
   956 | D:2      | Reached XP level 4. HP: 7/28 MP: 4/4
  1184 | D:2      | Noticed Natasha
  1194 | D:2      | Killed Natasha
  1228 | D:2      | Noticed Jessica
  1238 | D:2      | Reached ** piety under Trog
  1244 | D:2      | Killed Jessica
  1244 | D:2      | Reached XP level 5. HP: 23/32 MP: 5/5
  1461 | D:2      | Noticed Ijyb
  1502 | D:2      | Killed Ijyb
  1502 | D:2      | Reached skill level 6 in Maces & Flails
  1670 | D:2      | Found a stormy altar of Qazlal.
  1671 | D:2      | Found a basalt altar of Yredelemnul.
  1819 | D:3      | Found a shattered altar of Ashenzari.
  1875 | D:3      | Noticed whatthexom's ghost (amateur FoAK)
  1901 | D:3      | Killed whatthexom's ghost
  1901 | D:3      | Reached skill level 7 in Maces & Flails
  1901 | D:3      | Reached XP level 6. HP: 12/37 MP: 6/6
  2558 | D:3      | Found a blossoming altar of Fedhas.
  3046 | D:3      | Reached XP level 7. HP: 26/41 MP: 7/7
  3209 | D:3      | HP: 1/41 [iguana (3)]
  3213 | D:3      | Reached skill level 8 in Maces & Flails
  3549 | D:4      | Reached *** piety under Trog
  3699 | D:4      | Noticed Sigmund
  3713 | D:4      | Killed Sigmund
  4190 | D:4      | Reached skill level 9 in Maces & Flails
  4349 | D:5      | Entered Level 5 of the Dungeon
  4480 | D:5      | Reached XP level 8. HP: 19/46 MP: 8/8
  5048 | D:5      | Found an ancient bone altar of Kikubaaqudgha.
  5261 | D:5      | Reached skill level 10 in Maces & Flails
  5278 | D:6      | Slain by an ogre

Vault maps used:
D:1:      minmay_arrival_hallway
D:2:      gammafunk_temple_overflow_statue, uniq_natasha, uniq_jessica,
          uniq_iyjb
D:3:      lemuel_doored_altar, cheibrodos_ashenzari_chains
D:4:      first_bread, uniq_sigmund
D:5:      kiku_gazebo_pond_becter
D:6:      nicolae_ossuary_entry_catacombs

Skill      XL: |  1  2  3  4  5  6  7  8 |
---------------+-------------------------+-----
Maces & Flails | 4 5 7 9 10 | 10.0
Fighting       | |  3.2
Armour         | |  2.1
Dodging        | |  1.5

Action                   |  1- 3 |  4- 6 |  7- 9 || total
-------------------------+-------+-------+-------++-------
Melee: Mace              |    90 |   230 |       ||   320
       Flail             |       |   114 |   504 ||   618
Invok: Berserk           |       |     1 |     1 ||     2
       Trog's Hand       |       |       |     1 ||     1
  Use: Scroll            |       |     8 |     2 ||    10
  Eat: Chunk             |       |     9 |     9 ||    18
Armor: Animal skin       |    24 |       |       ||    24
       Leather armour    |    26 |    13 |       ||    39
       Ring mail         |       |    87 |       ||    87
       Plate armour      |       |    86 |   381 ||   467
Dodge: Dodged            |    57 |   123 |    82 ||   262
Block: Shield            |       |   121 |   241 ||   362
